Map: Emerald City LE

Players

DjBEATKIDDS

  • Race: Zerg Zerg
  • League: Gold
  • Spawn Location: 5:00

BeatKids

  • Race: Terran Terran
  • League: Diamond
  • Spawn Location: 5:00

Throwfordays - Winner!

  • Race: Protoss Protoss
  • League: Silver
  • Spawn Location: 11:00

Faust - Winner!

  • Race: Zerg Zerg
  • League: Diamond
  • Spawn Location: 11:00

VOD

Have the link to the VOD?

Description

Time

  • Played on: March 6, 2019, 10:30 p.m.
  • Length: 14:08
Show
View Real Time Build Order
Export as new Build Order

DjBEATKIDDS Zerg 

Build Orders: Pool First, Lurkers 

Get SALT Encoding   

  12  0:02  Drone  
  13  0:10  Drone  
  14  0:28  Spawning Pool  
  13  0:29  Drone  
  14  0:38  Overlord  
  14  1:11  Hatchery  
  14  1:15  Queen  
  15  1:19  Drone  
  16  1:28  Drone  
  16  1:29  Zergling x2  
  18  1:35  Extractor, Drone  
  18  1:42  Drone  
  19  1:56  Zergling x2  
  20  2:08  Drone  
  21  2:16  Overlord  
  21  2:23  Queen  
  21  2:26  Zergling x4  
  21  2:29  Drone  
  26  2:30  Drone  
  27  2:39  Metabolic Boost  
  27  2:41  Drone  
  27  2:42  Drone  
  29  2:48  Extractor, Drone  
  29  2:53  Drone  
  29  2:54  Overlord  
  30  2:59  Zergling x2  
  31  3:19  Zergling x4  
  33  3:20  Drone  
  33  3:23  Drone x2  
  36  3:27  Roach Warren  
  32  3:54  Queen, Spine Crawler  
  34  3:55  Drone x2  
  34  3:56  Drone  
  34  3:59  Overlord  
  36  4:20  Drone x3  
  36  4:21  Overlord  
  39  4:24  Lair  
  39  4:25  Drone  
  39  4:29  Drone x2  
  42  4:38  Extractor  
  42  4:44  Zergling x8  
  45  4:47  Drone  
  46  5:03  Hatchery  
  45  5:12  Drone x2  
  47  5:18  Roach  
  47  5:19  Roach  
  47  5:21  Overlord x2  
  51  5:22  Glial Reconstitution  
  51  5:27  Spore Crawler  
  50  5:30  Spire  
  50  5:36  Hydralisk Den  
  50  5:39  Drone x2  
  51  5:55  Drone x4  
  55  6:00  Extractor, Roach x2  
  58  6:13  Hatchery  
  58  6:14  Muscular Augments  
  58  6:17  Hydralisk  
  58  6:18  Hydralisk x3  
  65  6:26  Lurker Den  
  65  6:28  Burrow  
  64  6:56  Drone x3  
  67  7:06  Evolution Chamber, Overlord x2  
  66  7:10  Drone x2  
  68  7:25  Grooved Spines  
  68  7:27  Queen  
  68  7:29  Drone  
  71  7:33  Hydralisk  
  71  7:34  Hydralisk x6  
  85  7:39  Drone x2  
  87  7:51  Zergling x2  
  87  7:52  Zergling x4  
  87  7:53  Overlord x2  
  90  8:06  Zerg Missile Weapons Level 1, Infestation Pit  
  90  8:11  Evolution Chamber  
  88  8:37  Drone  
  88  8:38  Drone x4, Overlord  
  88  8:39  Overlord x2  
  93  8:43  Zerg Ground Armor Level 1  
  93  8:47  Hive  
  93  8:48  Drone  
  93  8:53  Drone  
  95  8:59  Lurker  
  95  9:00  Lurker x2  
  98  9:03  Extractor  
  98  9:05  Drone x5  
  98  9:06  Extractor, Overlord x2  
  98  9:34  Hydralisk  
  98  9:35  Lurker, Hydralisk x6  
  98  9:38  Roach x4  
  93  9:48  Hydralisk x4  
  93  9:49  Zergling x6  
  88  10:09  Hydralisk  
  88  10:10  Hydralisk x7  
  88  10:13  Adaptive Talons  
  94  11:03  Overlord x2  
  91  11:09  Hydralisk x11  
  91  11:11  Spire  
  112  11:25  Hatchery  
  111  11:43  Zerg Missile Weapons Level 2  
  111  11:44  Zerg Ground Armor Level 2  
  111  11:52  Viper  
  111  11:53  Viper  
  117  11:55  Overlord x2  
  117  11:57  Zergling x10  
  117  11:58  Zergling x2  
  123  12:29  Mutalisk x6  
  125  12:31  Overlord x2  
  128  13:37  Mutalisk  
  128  13:38  Mutalisk x8  
Show
View Real Time Build Order
Export as new Build Order

BeatKids Terran 

Build Orders:  

Get SALT Encoding   

  12  0:01  SCV  
  13  0:14  SCV  
  14  0:24  Supply Depot  
  14  0:27  SCV  
  15  0:35  Refinery  
  15  0:47  Barracks  
  15  0:49  SCV  
  16  1:02  SCV  
  17  1:09  Refinery  
  17  1:14  SCV  
  18  1:26  SCV  
  19  1:38  Factory  
  19  1:44  Orbital Command  
  19  1:49  Supply Depot  
  19  1:50  Barracks Tech Lab  
  19  2:15  SCV  
  20  2:27  SCV  
  20  2:29  Siege Tank  
  24  2:34  Starport  
  24  2:53  Command Center  
  24  3:17  Fusion Core  
  24  3:21  Banshee  
  27  3:29  SCV  
  28  3:41  SCV  
  28  4:19  Battlecruiser  
  34  4:26  Command Center  
  34  4:28  Factory Tech Lab  
  34  4:53  Supply Depot  
  34  4:54  Supply Depot  
  34  4:58  SCV, Command Center  
  34  4:59  Engineering Bay  
  35  5:00  Siege Tank  
  38  5:10  SCV  
  39  6:17  Battlecruiser  
  45  6:26  Engineering Bay  
  45  6:42  Armory  
  45  6:43  Armory  
  45  6:44  Supply Depot  
  45  6:46  Supply Depot  
  45  6:48  Hi-Sec Auto Tracking  
  45  6:56  Neosteel Armor  
  45  7:00  Orbital Command  
  45  7:06  Supply Depot  
  45  7:29  SCV  
  46  7:35  Terran Vehicle And Ship Armor Level 1, Terran Ship Weapons Level 1  
  46  7:41  SCV  
  47  7:48  Refinery  
  47  7:53  Refinery, SCV  
  48  8:00  Planetary Fortress  
  48  8:03  Battlecruiser  
  54  8:14  Refinery  
  54  8:30  Command Center  
  54  8:38  Hyperflight Rotors  
  54  8:46  SCV  
  55  8:49  SCV  
  55  8:54  SCV  
  57  8:58  SCV  
  57  9:02  SCV  
  56  9:10  SCV  
  56  9:22  SCV  
  57  10:30  Missile Turret x2  
  57  10:33  SCV  
  57  10:34  Missile Turret  
  57  10:35  Missile Turret  
  58  10:39  Cloaking Field  
  58  10:45  SCV  
  58  10:49  Terran Ship Weapons Level 2, Terran Vehicle And Ship Armor Level 2  
  59  10:57  SCV  
  60  11:09  SCV  
  61  11:12  Factory  
  61  11:13  Factory  
  61  11:15  Factory  
  61  11:16  Factory  
  61  11:17  Command Center  
  61  11:18  SCV  
  62  11:20  Refinery  
  62  11:21  SCV  
  63  11:30  SCV  
  64  11:33  SCV  
  65  11:42  SCV, Missile Turret  
  65  11:44  Missile Turret x2  
  65  11:45  SCV, Missile Turret  
  67  11:54  SCV  
  67  11:58  SCV  
  69  12:02  Missile Turret  
  69  12:06  SCV, Missile Turret  
  70  12:44  Factory Tech Lab x4  
  70  13:09  Thor x3  
  70  13:10  Thor x2  
Show
View Real Time Build Order
Export as new Build Order

Throwfordays Protoss - Winner!

Build Orders: Nexus First 

Get SALT Encoding   

  12  0:01  Probe  
  13  0:13  Probe  
  14  0:25  Probe  
  15  0:46  Nexus  
  15  0:54  Pylon  
  15  1:12  Gateway, Probe  
  16  1:18  Assimilator  
  16  1:24  Probe  
  17  1:36  Probe  
  17  1:38  Forge  
  18  1:48  Probe  
  19  1:57  Probe  
  19  2:00  Cybernetics Core, Probe  
  21  2:05  Probe  
  21  2:12  Probe  
  21  2:13  Probe  
  23  2:20  Assimilator  
  24  2:25  Probe  
  24  2:27  Warp Gate  
  24  2:29  Gateway  
  25  2:35  Probe  
  26  2:38  Probe  
  27  2:46  Probe  
  27  2:47  Probe  
  29  2:54  Probe  
  29  2:55  Pylon  
  29  2:58  Adept  
  29  3:04  Probe  
  33  3:12  Pylon  
  33  3:16  Pylon, Probe  
  34  3:28  Probe  
  34  3:32  Photon Cannon  
  35  3:37  Photon Cannon  
  35  3:40  Probe  
  36  3:41  Photon Cannon  
  36  3:47  Adept x2  
  40  3:52  Probe  
  41  4:04  Probe  
  41  4:08  Nexus  
  42  4:11  Pylon  
  42  4:16  Probe  
  43  4:19  Pylon  
  43  4:28  Pylon  
  43  4:29  Probe  
  44  4:31  Assimilator  
  44  4:35  Assimilator  
  44  4:40  Photon Cannon  
  44  4:41  Probe  
  44  4:43  Photon Cannon  
  45  4:53  Photon Cannon, Probe  
  45  4:57  Probe  
  47  5:05  Probe  
  48  5:08  Pylon  
  48  5:09  Probe  
  48  5:10  Photon Cannon  
  48  5:13  Photon Cannon  
  49  5:17  Probe  
  49  5:20  Probe  
  51  5:21  Probe  
  52  5:31  Photon Cannon  
  52  5:32  Protoss Shields Level 1, Probe x2  
  52  5:34  Stalker  
  52  5:35  Stalker  
  58  5:44  Probe x2  
  58  5:48  Protoss Air Weapons Level 1  
  60  5:56  Probe  
  60  5:57  Probe  
  58  5:58  Stalker  
  58  5:59  Stalker  
  62  6:08  Stargate, Probe  
  62  6:09  Stargate, Probe  
  64  6:12  Stargate  
  64  6:15  Stargate  
  64  6:18  Cybernetics Core  
  64  6:20  Probe  
  64  6:21  Probe  
  64  6:23  Twilight Council  
  66  6:32  Assimilator, Probe  
  67  6:33  Probe  
  67  6:35  Assimilator  
  68  6:44  Pylon, Probe  
  68  6:45  Probe  
  70  6:47  Pylon  
  70  6:52  Pylon  
  70  6:56  Protoss Air Armor Level 1, Void Ray, Probe  
  70  6:57  Void Ray, Probe  
  80  7:03  Void Ray  
  84  7:09  Void Ray, Probe x2  
  90  7:19  Fleet Beacon  
  90  7:25  Probe  
  91  7:37  Probe  
  91  7:40  Protoss Shields Level 2  
  92  7:46  Void Ray x2  
  92  7:49  Probe  
  101  8:02  Nexus  
  101  8:06  Assimilator  
  101  8:09  Assimilator  
  101  8:11  Pylon  
  101  8:15  Pylon  
  101  8:27  Void Ray x2  
  101  8:28  Void Ray  
  113  8:35  Protoss Air Weapons Level 2  
  113  8:51  Probe  
  113  8:54  Probe  
  115  8:58  Probe  
  115  9:02  Photon Cannon  
  116  9:03  Probe  
  116  9:05  Photon Cannon  
  116  9:06  Probe  
  116  9:09  Photon Cannon  
  118  9:10  Probe  
  118  9:12  Photon Cannon  
  118  9:15  Probe  
  120  9:18  Probe  
  120  9:22  Probe  
  122  9:27  Probe  
  122  9:28  Void Ray x4  
  122  9:30  Probe  
  140  9:34  Probe x2  
  142  9:39  Probe  
  142  9:42  Probe  
  144  9:46  Probe  
  144  9:47  Probe  
  144  9:48  Robotics Facility  
  137  10:10  Probe  
  137  10:11  Void Ray x2  
  143  10:19  Photon Cannon  
  139  10:23  Probe  
  139  10:24  Void Ray x2  
  148  10:35  Protoss Shields Level 3, Probe  
  149  10:47  Probe  
  150  10:53  Void Ray  
  150  10:54  Void Ray  
  158  10:59  Probe  
  158  11:02  Protoss Air Weapons Level 3  
  159  11:06  Pylon  
  159  11:07  Void Ray  
  159  11:08  Pylon  
  159  11:10  Pylon  
  164  11:11  Probe  
  164  11:13  Pylon  
  164  11:17  Pylon  
  164  11:19  Pylon  
  164  11:20  Pylon  
  164  11:23  Void Ray  
  164  11:24  Probe  
  169  11:27  Robotics Bay  
  169  11:28  Observer  
  170  11:36  Void Ray, Probe  
  170  11:37  Void Ray  
  179  11:44  Protoss Air Armor Level 2  
  179  11:49  Observer  
  179  11:50  Void Ray  
  184  12:06  Void Ray  
  187  12:18  Probe  
  182  12:30  Probe  
  183  12:42  Probe  
  184  12:53  Void Ray x3  
  184  12:54  Void Ray  
Show
View Real Time Build Order
Export as new Build Order

Faust Zerg - Winner!

Build Orders: Hatch First, Swarm Host 

Get SALT Encoding   

  12  0:01  Drone  
  13  0:08  Drone  
  14  0:16  Extractor  
  14  0:17  Drone  
  15  0:22  Overlord  
  15  0:41  Drone x2  
  17  0:54  Hatchery  
  17  0:57  Drone  
  17  1:03  Extractor, Drone  
  17  1:17  Spawning Pool  
  16  1:43  Overlord  
  16  1:44  Drone x2  
  18  1:56  Drone  
  19  2:03  Metabolic Boost  
  19  2:05  Zergling x2  
  19  2:07  Zergling x2, Queen  
  23  2:13  Queen  
  25  2:18  Zergling x2  
  25  2:21  Zergling x2  
  27  2:31  Overlord  
  27  2:36  Baneling Nest  
  26  2:37  Drone  
  26  2:42  Zergling x2  
  26  2:44  Zergling x2  
  29  2:54  Zergling x4  
  31  3:00  Drone x2  
  33  3:12  Zergling x2  
  34  3:13  Zergling x2  
  35  3:25  Drone  
  35  3:26  Drone x5  
  41  3:32  Drone  
  42  3:35  Spore Crawler  
  42  3:37  Spore Crawler  
  36  3:55  Zergling x4  
  36  3:56  Zergling x8  
  36  3:58  Drone  
  39  4:18  Lair  
  39  4:19  Drone  
  39  4:20  Drone x3  
  43  4:24  Spore Crawler  
  42  4:32  Spore Crawler  
  42  4:34  Spore Crawler  
  42  4:35  Drone x3  
  42  4:36  Overlord  
  43  4:55  Baneling x4  
  43  4:59  Drone x5  
  48  5:07  Drone x2  
  48  5:08  Drone  
  48  5:13  Extractor  
  50  5:16  Hatchery  
  49  5:26  Extractor, Overlord x2  
  49  5:27  Extractor  
  45  5:44  Hydralisk Den  
  44  5:53  Queen  
  44  5:56  Spore Crawler  
  45  5:57  Spore Crawler  
  45  6:02  Spore Crawler  
  40  6:13  Overlord x2  
  40  6:17  Hydralisk x2  
  40  6:18  Hydralisk x3  
  46  6:20  Drone x2  
  52  6:25  Overlord x2  
  52  6:41  Drone x3  
  52  6:42  Drone  
  56  6:48  Drone x4  
  56  6:51  Overlord  
  60  6:54  Drone  
  60  6:55  Drone  
  62  7:14  Drone x3  
  62  7:15  Drone  
  66  7:20  Drone x4  
  66  7:21  Queen  
  72  7:31  Overlord  
  72  7:32  Overlord  
  72  7:35  Drone x4  
  76  7:38  Hatchery  
  76  7:43  Drone x2  
  77  7:53  Hydralisk x5  
  87  7:59  Muscular Augments  
  87  8:03  Infestation Pit  
  86  8:08  Evolution Chamber  
  86  8:10  Evolution Chamber  
  86  8:12  Hydralisk x2  
  86  8:16  Drone  
  86  8:17  Drone x2  
  91  8:21  Extractor  
  91  8:22  Spine Crawler  
  91  8:23  Extractor  
  91  8:25  Drone  
  91  8:26  Spine Crawler  
  88  8:28  Spine Crawler  
  88  8:29  Drone x2  
  88  8:30  Spore Crawler, Drone  
  88  8:31  Drone x4  
  88  8:32  Drone  
  94  8:43  Overseer  
  92  9:05  Zerg Ground Armor Level 1, Zerg Missile Weapons Level 1  
  92  9:08  Hive  
  92  9:10  Grooved Spines  
  68  9:38  Hydralisk  
  68  9:39  Hydralisk x11  
  68  9:44  Drone x5  
  68  9:45  Drone x4  
  101  9:47  Drone x3  
  97  10:09  Overlord x3  
  95  10:15  Overlord x2  
  95  10:16  Drone x4  
  95  10:17  Drone  
  95  10:19  Extractor  
  95  10:21  Extractor  
  98  10:24  Overseer x2  
  98  10:25  Pneumatized Carapace  
  98  10:31  Nydus Network  
  98  10:33  Spore Crawler  
  95  11:06  Queen  
  95  11:07  Drone x4  
  95  11:08  Drone  
  102  11:12  Spine Crawler  
  102  11:16  Spore Crawler  
  102  11:17  Spore Crawler  
  99  11:21  Hydralisk x5  
  99  11:22  Hydralisk x7  
  123  11:31  Queen  
  125  11:42  Swarm Host x9  
  125  11:45  Overlord  
  125  11:46  Overlord x2  
  152  11:53  Centrifical Hooks  
  152  11:55  Lurker Den  
  145  12:35  Zergling x20  
  145  12:36  Zergling x16  
  151  12:47  Nydus Canal  
  147  12:52  Drone  
  147  12:53  Drone x6  
  147  12:56  Baneling x4  
  147  12:57  Baneling x2  
  154  13:00  Hydralisk x2  
  154  13:01  Hydralisk x4  
  166  13:26  Hydralisk  
  168  13:27  Hydralisk x4  
  176  13:38  Baneling x3, Overlord x2  
  176  13:39  Overlord x2  
Tags
 
Add a new tag
Caveats
  • Supply blocks, unpowered buildings, or Contaminate may cause inaccurate times.
  • Supply counts are checked every 10 seconds.